2314 views
Uploaded 2022-05-21 00:00:35
Game version 1.32.10
60:16 long 3on3 ladder game on (6)ThunderLake_LV
Saved by Cabeelibob
2314 views
Uploaded 2022-05-21 00:00:35
Game version 1.32.10
60:16 long 3on3 ladder game on (6)ThunderLake_LV


137 units @ 12.4k
/ 1.3k
138 buildings @ 12.1k
/ 6.4k
Jgraham2
(30)
(60:07) : 
| Peasant | 18 | 1350 | / | 0 |
| total: | 18 | 1350g | / | 0w |
| Scout Tower | 20 | 600 | / | 400 |
| Arcane Tower | 1 | 70 | / | 50 |
| Guard Tower | 3 | 210 | / | 150 |
| Altar of Kings | 1 | 180 | / | 50 |
| Farm | 3 | 240 | / | 60 |
| Lumber Mill | 1 | 120 | / | 0 |
| Keep | 1 | 320 | / | 210 |
| total: | 25 | 1140g | / | 510w |
| 0:06 | Altar of Kings |
| 0:07 | Peasant |
| 0:07 | Peasant |
| 0:07 | Peasant |
| 0:07 | Peasant |
| 0:25 | Farm |
| 0:26 | Farm |
| 0:26 | Farm |
| 0:35 | Peasant |
| 0:47 | Lumber Mill |
| 1:08 | Scout Tower |
| 1:40 | Arcane Tower |
| 1:47 | Peasant |
| 1:47 | Peasant |
| 1:47 | Peasant |
| 1:47 | Peasant |
| 1:58 | Improved Lumber Harvesting |
| 2:23 | Storm Bolt |
| 2:40 | Peasant |
| 2:40 | Peasant |
| 2:41 | Peasant |
| 3:04 | Peasant |
| 3:04 | Peasant |
| 3:04 | Peasant |
| 3:27 | Improved Masonry |
| 3:35 | Scout Tower |
| 3:36 | Scout Tower |
| 3:37 | Scout Tower |
| 3:38 | Scout Tower |
| 3:39 | Scout Tower |
| 3:40 | Scout Tower |
| 4:17 | Guard Tower |
| 4:58 | Peasant |
| 4:58 | Peasant |
| 4:58 | Peasant |
| 5:31 | Keep |
| 5:46 | Scout Tower |
| 5:46 | Scout Tower |
| 5:48 | Scout Tower |
| 5:49 | Scout Tower |
| 6:00 | Scout Tower |
| 6:01 | Scout Tower |
| 6:24 | Guard Tower |
| 6:31 | Guard Tower |
| 6:35 | Scout Tower |
| 6:36 | Scout Tower |
| 6:36 | Scout Tower |
| 6:38 | Scout Tower |
| 6:39 | Scout Tower |
| 6:40 | Scout Tower |
| 6:41 | Scout Tower |
| 7:55 | Advanced Masonry |
| Right click | 2868 |
| Select group | 2570 |
| Select | 231 |
| Minimap ping | 86 |
| Build/train/purchase | 33 |
| Assign group | 25 |
| Use ability | 20 |
| Resource trade | 17 |
| Misc. action | 3 |
| Remove unit | 1 |


| Peasant | 25 | 1875 | / | 0 |
| Mortar Team | 6 | 1080 | / | 420 |
| Flying Machine | 22 | 2200 | / | 660 |
| Dragonhawk Rider | 5 | 1000 | / | 150 |
| total: | 58 | 6155g | / | 1230w |
| Scout Tower | 32 | 960 | / | 640 |
| Arcane Tower | 6 | 420 | / | 300 |
| Guard Tower | 12 | 840 | / | 600 |
| Altar of Kings | 2 | 360 | / | 100 |
| Farm | 21 | 1680 | / | 420 |
| Lumber Mill | 2 | 240 | / | 0 |
| Town Hall | 2 | 770 | / | 410 |
| Blacksmith | 2 | 280 | / | 120 |
| Arcane Vault | 1 | 130 | / | 30 |
| Workshop | 3 | 420 | / | 420 |
| Gryphon Aviary | 1 | 140 | / | 150 |
| Arcane Sanctum | 1 | 150 | / | 140 |
| Keep | 2 | 640 | / | 420 |
| Castle | 2 | 720 | / | 420 |
| total: | 67 | 5130g | / | 2430w |
| 0:02 | Peasant |
| 0:08 | Peasant |
| 0:19 | Altar of Kings |
| 0:29 | Peasant |
| 0:33 | Farm |
| 0:34 | Peasant |
| 0:49 | Lumber Mill |
| 0:50 | Peasant |
| 0:53 | Peasant |
| 1:05 | Peasant |
| 1:08 | Farm |
| 1:16 | Scout Tower |
| 1:17 | Peasant |
| 1:31 | Peasant |
| 1:48 | Arcane Tower |
| 1:49 | Peasant |
| 2:04 | Peasant |
| 2:06 | Improved Lumber Harvesting |
| 2:06 | Improved Masonry |
| 2:15 | Farm |
| 2:22 | Storm Bolt |
| 3:09 | Town Hall |
| 3:15 | Bash |
| 3:18 | Peasant |
| 3:23 | Scout Tower |
| 3:24 | Scout Tower |
| 3:25 | Scout Tower |
| 3:25 | Scout Tower |
| 3:26 | Scout Tower |
| 3:26 | Scout Tower |
| 3:29 | Peasant |
| 3:58 | Peasant |
| 3:58 | Peasant |
| 3:58 | Peasant |
| 4:41 | Guard Tower |
| 4:55 | Guard Tower |
| 5:03 | Peasant |
| 5:04 | Peasant |
| 5:19 | Scout Tower |
| 5:21 | Scout Tower |
| 5:23 | Scout Tower |
| 5:25 | Scout Tower |
| 5:29 | Peasant |
| 5:40 | Peasant |
| 5:47 | Arcane Tower |
| 5:51 | Keep |
| 5:54 | Guard Tower |
| 6:00 | Scout Tower |
| 6:07 | Scout Tower |
| 6:09 | Scout Tower |
| 6:10 | Scout Tower |
| 6:14 | Blacksmith |
| 6:29 | Guard Tower |
| 6:38 | Guard Tower |
| 8:36 | Scout Tower |
| 8:36 | Scout Tower |
| 8:37 | Scout Tower |
| 8:37 | Scout Tower |
| 8:38 | Scout Tower |
| 8:39 | Scout Tower |
| 8:41 | Castle |
| 8:55 | Black Gunpowder |
| 9:16 | Guard Tower |
| 9:22 | Town Hall |
| 9:25 | Guard Tower |
| 9:35 | Guard Tower |
| 9:38 | Workshop |
| 9:39 | Workshop |
| 9:41 | Workshop |
| 9:42 | Farm |
| 9:43 | Farm |
| 10:00 | Scout Tower |
| 10:00 | Scout Tower |
| 10:01 | Scout Tower |
| 10:02 | Guard Tower |
| 10:30 | Farm |
| 10:31 | Farm |
| 10:42 | Refined Gunpowder |
| 11:05 | Flak Cannons |
| 11:05 | Flying Machine Bombs |
| 11:06 | Fragmentation Shards |
| 11:06 | Flare |
| 11:09 | Farm |
| 11:11 | Farm |
| 11:37 | Advanced Lumber Harvesting |
| 11:37 | Advanced Masonry |
| 11:43 | Farm |
| 11:44 | Farm |
| 11:45 | Farm |
| 11:53 | Mortar Team |
| 11:56 | Farm |
| 11:57 | Farm |
| 11:59 | Blacksmith |
| 12:03 | Imbued Gunpowder |
| 13:18 | Flying Machine |
| 13:18 | Flying Machine |
| 13:19 | Flying Machine |
| 13:19 | Flying Machine |
| 13:19 | Flying Machine |
| 13:19 | Flying Machine |
| 13:19 | Flying Machine |
| 13:23 | Farm |
| 13:28 | Iron Plating |
| 13:32 | Scout Tower |
| 13:33 | Scout Tower |
| 13:34 | Guard Tower |
| 13:42 | Altar of Kings |
| 14:11 | Keep |
| 14:15 | Flying Machine |
| 14:15 | Flying Machine |
| 14:15 | Flying Machine |
| 14:39 | Lumber Mill |
| 15:22 | Flying Machine |
| 15:22 | Flying Machine |
| 15:22 | Flying Machine |
| 15:36 | Flying Machine |
| 15:41 | Farm |
| 15:48 | Farm |
| 15:53 | Guard Tower |
| 16:56 | Castle |
| 16:58 | Steel Plating |
| 17:26 | Gryphon Aviary |
| 18:06 | Holy Light |
| 18:13 | Arcane Vault |
| 18:40 | Arcane Sanctum |
| 19:17 | Cloud |
| 19:18 | Dragonhawk Rider |
| 20:26 | Dragonhawk Rider |
| 20:34 | Flying Machine |
| 22:57 | Magic Sentry |
| 23:02 | Storm Bolt |
| 23:03 | Divine Shield |
| 24:49 | Bash |
| 24:50 | Holy Light |
| 26:39 | Dragonhawk Rider |
| 26:39 | Dragonhawk Rider |
| 27:32 | Scout Tower |
| 27:33 | Scout Tower |
| 27:33 | Scout Tower |
| 27:36 | Scout Tower |
| 27:38 | Scout Tower |
| 27:57 | Peasant |
| 27:57 | Peasant |
| 28:05 | Arcane Tower |
| 28:06 | Guard Tower |
| 28:10 | Arcane Tower |
| 28:20 | Flying Machine |
| 28:27 | Arcane Tower |
| 28:28 | Scout Tower |
| 28:58 | Arcane Tower |
| 29:26 | Farm |
| 29:27 | Farm |
| 29:28 | Farm |
| 29:30 | Farm |
| 29:34 | Peasant |
| 29:34 | Peasant |
| 29:34 | Peasant |
| 34:16 | Dragonhawk Rider |
| 36:29 | Hex |
| 36:41 | Mortar Team |
| 36:41 | Mortar Team |
| 36:42 | Mortar Team |
| 36:42 | Mortar Team |
| 37:25 | Divine Shield |
| 40:25 | Healing Wave |
| 40:40 | Storm Bolt |
| 43:47 | Holy Light |
| 44:37 | Mortar Team |
| 44:43 | Avatar |
| 44:50 | Healing Wave |
| 44:50 | Hex |
| 50:31 | Bash |
| 54:09 | Flying Machine |
| 54:09 | Flying Machine |
| 54:09 | Flying Machine |
| 54:09 | Flying Machine |
| 54:10 | Flying Machine |
| 54:10 | Flying Machine |
| Right click | 2750 |
| Select group | 1343 |
| Select | 635 |
| Use ability | 155 |
| Build/train/purchase | 131 |
| Misc. action | 120 |
| Minimap ping | 36 |
| Resource trade | 26 |
| Assign group | 15 |
| Esc | 6 |
| Remove unit | 1 |
Cabeelibob
(194)
(60:08) : 
| Lesser Clarity Potion | 6 | 420 |
| Healing Salve | 2 | 200 |
| Orb of Lightning | 1 | 375 |
| Tiny Great Hall | 3 | 1800 |
| Boots of Speed | 1 | 250 |
| Staff of Teleportation | 1 | 150 |
| Potion of Lesser Invulnerability | 1 | 150 |
| Gloves of Haste | 1 | 125 |
| total: | 16 | 3470g |
| Peon | 57 | 4275 | / | 0 |
| Troll Witch Doctor | 4 | 580 | / | 100 |
| total: | 61 | 4855g | / | 100w |
| Watch Tower | 35 | 3850 | / | 2800 |
| Altar of Storms | 1 | 180 | / | 50 |
| Orc Burrow | 4 | 640 | / | 160 |
| War Mill | 1 | 205 | / | 0 |
| Voodoo Lounge | 3 | 390 | / | 90 |
| Great Hall | 1 | 385 | / | 185 |
| Spirit Lodge | 1 | 150 | / | 150 |
| Stronghold | 1 | 315 | / | 190 |
| Fortress | 2 | 650 | / | 380 |
| total: | 46 | 5800g | / | 3435w |
| 0:04 | Altar of Storms |
| 0:08 | Orc Burrow |
| 0:08 | Peon |
| 0:15 | Peon |
| 0:28 | Peon |
| 0:41 | Peon |
| 1:01 | War Mill |
| 1:04 | Peon |
| 1:17 | Peon |
| 1:27 | Orc Burrow |
| 1:30 | Peon |
| 1:39 | Peon |
| 1:55 | Voodoo Lounge |
| 1:57 | Peon |
| 2:07 | Wind Walk |
| 2:15 | Peon |
| 2:24 | Watch Tower |
| 2:36 | Peon |
| 3:10 | Peon |
| 3:11 | Peon |
| 3:15 | Watch Tower |
| 4:09 | Peon |
| 4:47 | Watch Tower |
| 5:09 | Boots of Speed |
| 5:20 | Watch Tower |
| 5:21 | Watch Tower |
| 5:55 | Watch Tower |
| 6:26 | Watch Tower |
| 6:30 | Voodoo Lounge |
| 6:44 | Watch Tower |
| 6:45 | Watch Tower |
| 6:47 | Watch Tower |
| 6:47 | Watch Tower |
| 6:47 | Watch Tower |
| 6:49 | Watch Tower |
| 7:56 | Watch Tower |
| 7:59 | Watch Tower |
| 7:59 | Watch Tower |
| 8:00 | Watch Tower |
| 8:00 | Watch Tower |
| 8:02 | Watch Tower |
| 8:03 | Watch Tower |
| 8:07 | Peon |
| 8:07 | Peon |
| 8:07 | Peon |
| 9:09 | Watch Tower |
| 9:09 | Watch Tower |
| 9:10 | Watch Tower |
| 9:10 | Watch Tower |
| 9:22 | Watch Tower |
| 9:27 | Lesser Clarity Potion |
| 9:51 | Spiked Barricades |
| 10:16 | Watch Tower |
| 10:25 | Critical Strike |
| 10:56 | Watch Tower |
| 11:24 | Watch Tower |
| 11:54 | Watch Tower |
| 11:57 | Stronghold |
| 13:11 | Watch Tower |
| 14:19 | Watch Tower |
| 14:24 | Peon |
| 14:24 | Peon |
| 14:25 | Peon |
| 14:25 | Peon |
| 15:09 | Wind Walk |
| 15:32 | Fortress |
| 15:43 | Lesser Clarity Potion |
| 15:51 | Reinforced Defenses |
| 15:57 | Peon |
| 15:57 | Peon |
| 15:57 | Peon |
| 16:04 | Watch Tower |
| 16:35 | Healing Salve |
| 16:37 | Peon |
| 16:37 | Peon |
| 17:22 | Fortress |
| 17:35 | Watch Tower |
| 18:57 | Watch Tower |
| 20:18 | Critical Strike |
| 20:27 | Peon |
| 20:27 | Peon |
| 20:28 | Peon |
| 20:29 | Peon |
| 20:33 | Great Hall |
| 20:45 | Watch Tower |
| 22:11 | Spirit Lodge |
| 22:20 | Voodoo Lounge |
| 22:22 | Peon |
| 22:22 | Peon |
| 22:22 | Peon |
| 22:22 | Peon |
| 22:22 | Peon |
| 22:43 | Improved Spiked Barricades |
| 24:11 | Witch Doctor Adept Training |
| 24:26 | Peon |
| 24:26 | Peon |
| 24:26 | Peon |
| 25:31 | Orb of Lightning |
| 25:36 | Lesser Clarity Potion |
| 26:44 | Witch Doctor Master Training |
| 26:56 | Healing Salve |
| 27:49 | Tiny Great Hall |
| 29:31 | Critical Strike |
| 29:40 | Staff of Teleportation |
| 29:45 | Peon |
| 29:45 | Peon |
| 29:45 | Peon |
| 29:45 | Peon |
| 29:45 | Peon |
| 30:06 | Gloves of Haste |
| 30:33 | Peon |
| 30:33 | Peon |
| 30:34 | Peon |
| 30:34 | Peon |
| 30:36 | Peon |
| 30:49 | Troll Witch Doctor |
| 30:49 | Troll Witch Doctor |
| 30:49 | Troll Witch Doctor |
| 30:49 | Troll Witch Doctor |
| 34:07 | Orc Burrow |
| 34:12 | Orc Burrow |
| 34:45 | Bladestorm |
| 36:04 | Potion of Lesser Invulnerability |
| 36:47 | Lesser Clarity Potion |
| 37:52 | Lesser Clarity Potion |
| 40:58 | Wind Walk |
| 42:18 | Tiny Great Hall |
| 43:22 | Peon |
| 43:23 | Peon |
| 43:23 | Peon |
| 43:23 | Peon |
| 43:23 | Peon |
| 44:39 | Peon |
| 45:06 | Mirror Image |
| 45:18 | Lesser Clarity Potion |
| 47:40 | Tiny Great Hall |
| 49:25 | Resurrection |
| 49:43 | Peon |
| 49:44 | Peon |
| 50:51 | Peon |
| 54:05 | Mirror Image |
| Right click | 2354 |
| Select | 453 |
| Select group | 261 |
| Misc. action | 181 |
| Build/train/purchase | 178 |
| Resource trade | 74 |
| Chat | 39 |
| Minimap ping | 26 |
| Use ability | 23 |
| Remove unit | 12 |
| Item give/drop | 9 |
| Esc | 2 |
| Assign group | 1 |
300 units @ 33.5k
/ 3.8k
223 buildings @ 34k
/ 19.1k

| Healing Salve | 3 | 300 |
| total: | 3 | 300g |
| Peon | 11 | 825 | / | 0 |
| Grunt | 14 | 2800 | / | 0 |
| Raider | 12 | 2160 | / | 480 |
| Shaman | 9 | 1170 | / | 180 |
| Tauren | 3 | 840 | / | 240 |
| Demolisher | 1 | 220 | / | 50 |
| Troll Batrider | 11 | 1760 | / | 440 |
| Harpy Windwitch | 2 | 480 | / | 60 |
| total: | 63 | 10255g | / | 1450w |
| Watch Tower | 59 | 6490 | / | 4720 |
| Altar of Storms | 1 | 180 | / | 50 |
| Orc Burrow | 9 | 1440 | / | 360 |
| Barracks | 1 | 180 | / | 50 |
| Voodoo Lounge | 3 | 390 | / | 90 |
| War Mill | 3 | 615 | / | 0 |
| Great Hall | 3 | 1155 | / | 555 |
| Beastiary | 3 | 435 | / | 420 |
| Tauren Totem | 1 | 135 | / | 155 |
| Spirit Lodge | 1 | 150 | / | 150 |
| Stronghold | 2 | 630 | / | 380 |
| Fortress | 2 | 650 | / | 380 |
| total: | 84 | 11170g | / | 6550w |
| 0:13 | Altar of Storms |
| 0:14 | Peon |
| 0:15 | Peon |
| 0:23 | Orc Burrow |
| 0:42 | Peon |
| 0:42 | Peon |
| 1:03 | Barracks |
| 1:06 | Peon |
| 1:31 | Voodoo Lounge |
| 1:46 | Voodoo Lounge |
| 1:49 | Peon |
| 1:49 | Peon |
| 1:58 | Orc Burrow |
| 2:23 | War Mill |
| 2:30 | Grunt |
| 2:38 | Feral Spirit |
| 3:21 | Grunt |
| 3:23 | Stronghold |
| 3:33 | Orc Burrow |
| 3:55 | Steel Melee Weapons |
| 4:21 | Grunt |
| 4:21 | Grunt |
| 4:39 | Healing Salve |
| 5:12 | Orc Burrow |
| 5:26 | Grunt |
| 5:29 | Steel Armor |
| 5:50 | Beastiary |
| 6:00 | Grunt |
| 6:03 | Berserker Strength |
| 6:30 | Tauren Totem |
| 7:19 | Chain Lighting |
| 7:35 | Grunt |
| 7:37 | Raider |
| 7:38 | Raider |
| 7:44 | Spirit Lodge |
| 8:11 | Thorium Armor |
| 8:11 | Thorium Melee Weapons |
| 8:16 | Raider |
| 8:18 | Grunt |
| 8:25 | Orc Burrow |
| 8:45 | Ensnare |
| 8:50 | Raider |
| 9:06 | Orc Burrow |
| 9:11 | Peon |
| 10:01 | Feral Spirit |
| 10:15 | Fortress |
| 10:18 | Shaman Adept Training |
| 10:20 | Grunt |
| 11:14 | Shaman |
| 11:15 | Shaman |
| 11:19 | Raider |
| 11:59 | Raider |
| 13:08 | Chain Lighting |
| 13:14 | Shaman Master Training |
| 13:15 | Shaman |
| 13:15 | Shaman |
| 13:17 | Raider |
| 13:19 | Tauren |
| 13:23 | Grunt |
| 14:05 | Tauren |
| 14:09 | Raider |
| 14:43 | Shaman |
| 14:45 | Raider |
| 14:54 | Harpy Windwitch |
| 15:48 | Raider |
| 15:48 | Raider |
| 15:53 | Orc Burrow |
| 17:08 | Great Hall |
| 18:28 | Feral Spirit |
| 21:08 | Watch Tower |
| 21:11 | Watch Tower |
| 21:16 | Watch Tower |
| 21:25 | Healing Salve |
| 21:44 | Healing Salve |
| 22:11 | Watch Tower |
| 22:20 | Watch Tower |
| 22:39 | Watch Tower |
| 22:43 | Watch Tower |
| 23:48 | Great Hall |
| 23:58 | Watch Tower |
| 24:02 | Watch Tower |
| 24:15 | Watch Tower |
| 24:20 | Watch Tower |
| 25:46 | Harpy Windwitch |
| 26:17 | Watch Tower |
| 26:20 | Watch Tower |
| 26:25 | Peon |
| 26:25 | Peon |
| 26:25 | Peon |
| 26:34 | Watch Tower |
| 27:56 | Grunt |
| 27:56 | Grunt |
| 27:56 | Grunt |
| 28:00 | Shaman |
| 28:00 | Shaman |
| 28:00 | Shaman |
| 28:08 | Great Hall |
| 28:15 | Watch Tower |
| 28:20 | Watch Tower |
| 28:24 | Watch Tower |
| 28:27 | Watch Tower |
| 28:32 | Watch Tower |
| 28:45 | Watch Tower |
| 30:17 | Watch Tower |
| 30:21 | Watch Tower |
| 30:24 | Watch Tower |
| 30:30 | Watch Tower |
| 30:33 | Watch Tower |
| 30:37 | Watch Tower |
| 30:41 | Watch Tower |
| 30:56 | Watch Tower |
| 31:18 | Watch Tower |
| 31:25 | Watch Tower |
| 31:29 | Spiked Barricades |
| 32:00 | Watch Tower |
| 32:38 | Watch Tower |
| 32:59 | Watch Tower |
| 33:35 | Stronghold |
| 34:46 | Watch Tower |
| 34:52 | Watch Tower |
| 35:00 | Watch Tower |
| 35:11 | Watch Tower |
| 35:41 | War Mill |
| 35:53 | War Mill |
| 36:09 | Demolisher |
| 36:37 | Beastiary |
| 36:53 | Orc Burrow |
| 37:42 | Watch Tower |
| 38:58 | Watch Tower |
| 39:31 | Troll Batrider |
| 39:31 | Troll Batrider |
| 39:32 | Troll Batrider |
| 39:52 | Watch Tower |
| 40:00 | Watch Tower |
| 40:06 | Watch Tower |
| 40:44 | Watch Tower |
| 40:57 | Watch Tower |
| 41:12 | Steel Ranged Weapons |
| 41:15 | Fortress |
| 41:45 | Troll Batrider |
| 41:45 | Troll Batrider |
| 42:00 | Voodoo Lounge |
| 42:13 | Thorium Ranged Weapons |
| 42:40 | Troll Batrider |
| 43:03 | Orc Burrow |
| 43:19 | Troll Batrider |
| 43:43 | Liquid Fire |
| 44:04 | Beastiary |
| 45:09 | Troll Batrider |
| 45:18 | Watch Tower |
| 45:24 | Watch Tower |
| 45:30 | Watch Tower |
| 45:39 | Watch Tower |
| 45:52 | Watch Tower |
| 46:00 | Troll Batrider |
| 46:28 | Arcanite Ranged Weapons |
| 46:35 | Troll Batrider |
| 48:04 | Raider |
| 48:41 | Arcanite Melee Weapons |
| 49:10 | Tauren |
| 49:18 | Troll Batrider |
| 50:21 | Watch Tower |
| 50:29 | Watch Tower |
| 50:34 | Watch Tower |
| 50:38 | Watch Tower |
| 51:45 | Watch Tower |
| 51:47 | Watch Tower |
| 51:51 | Watch Tower |
| 52:17 | Shaman |
| 52:31 | Grunt |
| 53:24 | Watch Tower |
| 54:49 | Watch Tower |
| 56:05 | Watch Tower |
| Right click | 772 |
| Select | 644 |
| Build/train/purchase | 118 |
| Use ability | 39 |
| Misc. action | 23 |
| Remove unit | 4 |
| Resource trade | 4 |
| Assign group | 2 |
| Minimap ping | 2 |
| Item give/drop | 1 |

x2)
| Orb of Venom | 1 | 325 |
| Lesser Clarity Potion | 9 | 630 |
| Potion of Healing | 4 | 600 |
| Moonstone | 1 | 50 |
| Dust of Appearance | 1 | 75 |
| Scroll of Town Portal | 3 | 1050 |
| Staff of Teleportation | 2 | 300 |
| Boots of Speed | 1 | 250 |
| Circlet of Nobility | 1 | 175 |
| Tome of Retraining | 2 | 600 |
| Potion of Lesser Invulnerability | 7 | 1050 |
| total: | 32 | 5105g |
| Wisp | 97 | 5820 | / | 0 |
| total: | 97 | 5820g | / | 0w |
| Ancient Protector | 53 | 7155 | / | 4240 |
| Altar of Elders | 1 | 180 | / | 50 |
| Moon Well | 4 | 720 | / | 160 |
| Ancient of Wonders | 3 | 270 | / | 90 |
| Hunter's Hall | 1 | 210 | / | 100 |
| Tree of Life | 8 | 2720 | / | 1480 |
| Ancient of Wind | 1 | 150 | / | 140 |
| Tree of Ages | 2 | 640 | / | 360 |
| Tree of Eternity | 3 | 990 | / | 600 |
| total: | 71 | 11405g | / | 6260w |
| 0:02 | Wisp |
| 0:03 | Wisp |
| 0:03 | Wisp |
| 0:03 | Wisp |
| 0:18 | Altar of Elders |
| 0:33 | Moon Well |
| 0:48 | Moon Well |
| 0:52 | Wisp |
| 0:52 | Wisp |
| 0:52 | Wisp |
| 0:52 | Wisp |
| 1:48 | Ancient of Wonders |
| 1:49 | Wisp |
| 1:49 | Wisp |
| 2:07 | Hunter's Hall |
| 2:09 | Wisp |
| 2:12 | Wisp |
| 2:25 | Shadow Strike |
| 2:31 | Moon Well |
| 2:41 | Wisp |
| 3:06 | Tree of Ages |
| 3:21 | Ultravision |
| 3:23 | Ancient Protector |
| 3:42 | Ancient Protector |
| 4:02 | Staff of Teleportation |
| 4:03 | Boots of Speed |
| 4:09 | Circlet of Nobility |
| 5:28 | Nature's Blessing |
| 5:29 | Tree of Eternity |
| 5:32 | Ancient of Wind |
| 5:47 | Dust of Appearance |
| 6:22 | Ancient Protector |
| 7:57 | Blink |
| 8:42 | Orb of Venom |
| 8:54 | Wisp |
| 8:55 | Wisp |
| 8:57 | Ancient Protector |
| 9:00 | Well Spring |
| 9:15 | Wisp |
| 9:22 | Wisp |
| 9:22 | Wisp |
| 9:22 | Wisp |
| 9:55 | Wisp |
| 10:58 | Moon Well |
| 11:03 | Tree of Life |
| 11:05 | Ancient Protector |
| 11:09 | Ancient Protector |
| 11:12 | Ancient Protector |
| 11:16 | Ancient of Wonders |
| 11:20 | Lesser Clarity Potion |
| 11:22 | Lesser Clarity Potion |
| 12:16 | Shadow Strike |
| 12:36 | Potion of Healing |
| 14:17 | Scroll of Town Portal |
| 14:27 | Wisp |
| 14:27 | Wisp |
| 14:27 | Wisp |
| 14:27 | Wisp |
| 14:28 | Wisp |
| 14:28 | Wisp |
| 14:28 | Wisp |
| 14:28 | Wisp |
| 14:50 | Tome of Retraining |
| 14:50 | Retrain Hero |
| 14:51 | Fan of Knives |
| 14:53 | Blink |
| 14:55 | Potion of Lesser Invulnerability |
| 15:51 | Wisp |
| 15:51 | Wisp |
| 15:51 | Wisp |
| 15:54 | Ancient Protector |
| 16:08 | Ancient Protector |
| 16:23 | Wisp |
| 16:23 | Wisp |
| 16:23 | Wisp |
| 16:23 | Wisp |
| 16:24 | Wisp |
| 16:24 | Wisp |
| 16:30 | Ancient Protector |
| 16:32 | Ancient Protector |
| 16:37 | Ancient Protector |
| 16:38 | Wisp |
| 16:38 | Wisp |
| 16:38 | Wisp |
| 16:39 | Wisp |
| 16:39 | Wisp |
| 16:39 | Wisp |
| 16:42 | Ancient Protector |
| 16:46 | Ancient Protector |
| 16:50 | Ancient Protector |
| 17:04 | Ancient Protector |
| 17:08 | Ancient Protector |
| 17:22 | Ancient Protector |
| 17:26 | Wisp |
| 17:26 | Wisp |
| 17:38 | Ancient Protector |
| 17:41 | Ancient Protector |
| 17:42 | Wisp |
| 17:42 | Wisp |
| 17:42 | Wisp |
| 17:46 | Tree of Life |
| 17:59 | Potion of Lesser Invulnerability |
| 18:21 | Blink |
| 18:38 | Potion of Healing |
| 18:41 | Lesser Clarity Potion |
| 18:52 | Ancient Protector |
| 18:53 | Ancient Protector |
| 18:56 | Ancient Protector |
| 18:58 | Ancient Protector |
| 19:07 | Potion of Healing |
| 19:42 | Ancient Protector |
| 19:47 | Ancient Protector |
| 19:47 | Wisp |
| 19:47 | Wisp |
| 19:48 | Wisp |
| 19:48 | Wisp |
| 19:48 | Wisp |
| 19:48 | Wisp |
| 19:48 | Wisp |
| 20:24 | Ancient Protector |
| 20:25 | Ancient Protector |
| 20:30 | Scroll of Town Portal |
| 20:50 | Ancient Protector |
| 20:53 | Ancient Protector |
| 21:01 | Ancient Protector |
| 21:03 | Wisp |
| 21:03 | Wisp |
| 21:03 | Wisp |
| 21:03 | Wisp |
| 21:04 | Wisp |
| 21:04 | Wisp |
| 21:08 | Potion of Lesser Invulnerability |
| 22:02 | Tree of Life |
| 22:04 | Ancient Protector |
| 22:07 | Ancient Protector |
| 22:09 | Ancient Protector |
| 22:13 | Potion of Healing |
| 22:14 | Lesser Clarity Potion |
| 22:21 | Wisp |
| 22:21 | Wisp |
| 22:22 | Wisp |
| 22:22 | Wisp |
| 22:22 | Wisp |
| 22:22 | Wisp |
| 22:22 | Wisp |
| 22:24 | Ancient Protector |
| 22:34 | Ancient Protector |
| 23:14 | Ancient Protector |
| 23:17 | Ancient Protector |
| 23:26 | Ancient Protector |
| 23:29 | Ancient Protector |
| 24:09 | Wisp |
| 24:10 | Wisp |
| 24:10 | Wisp |
| 24:10 | Wisp |
| 24:10 | Wisp |
| 24:10 | Wisp |
| 24:10 | Wisp |
| 24:11 | Wisp |
| 24:41 | Tree of Life |
| 24:43 | Ancient Protector |
| 25:09 | Ancient Protector |
| 26:28 | Tree of Life |
| 26:34 | Lesser Clarity Potion |
| 26:37 | Moonstone |
| 27:15 | Fan of Knives |
| 27:31 | Ancient of Wonders |
| 28:05 | Ancient Protector |
| 28:07 | Ancient Protector |
| 28:10 | Ancient Protector |
| 28:22 | Ancient Protector |
| 28:24 | Ancient Protector |
| 28:30 | Wisp |
| 28:30 | Wisp |
| 28:31 | Wisp |
| 28:31 | Wisp |
| 28:31 | Wisp |
| 28:31 | Wisp |
| 28:31 | Wisp |
| 30:00 | Ancient Protector |
| 30:18 | Tree of Life |
| 30:21 | Ancient Protector |
| 30:23 | Ancient Protector |
| 30:25 | Wisp |
| 30:25 | Wisp |
| 30:25 | Wisp |
| 30:26 | Wisp |
| 30:26 | Wisp |
| 30:26 | Wisp |
| 31:21 | Tree of Life |
| 32:19 | Potion of Lesser Invulnerability |
| 32:42 | Ancient Protector |
| 33:08 | Lesser Clarity Potion |
| 34:17 | Lesser Clarity Potion |
| 34:19 | Wisp |
| 34:19 | Wisp |
| 34:19 | Wisp |
| 34:20 | Wisp |
| 34:20 | Wisp |
| 34:20 | Wisp |
| 34:20 | Wisp |
| 34:20 | Wisp |
| 34:25 | Tree of Ages |
| 35:58 | Lesser Clarity Potion |
| 36:30 | Ancient Protector |
| 36:56 | Potion of Lesser Invulnerability |
| 37:05 | Tree of Life |
| 40:40 | Tree of Eternity |
| 40:43 | Strength of the Wild |
| 40:43 | Reinforced Hides |
| 40:55 | Scroll of Town Portal |
| 42:40 | Lesser Clarity Potion |
| 43:07 | Potion of Lesser Invulnerability |
| 43:08 | Staff of Teleportation |
| 44:49 | Ancient Protector |
| 46:24 | Tome of Retraining |
| 46:24 | Retrain Hero |
| 46:27 | Shadow Strike |
| 46:27 | Shadow Strike |
| 46:27 | Shadow Strike |
| 46:28 | Blink |
| 46:28 | Blink |
| 46:31 | Potion of Lesser Invulnerability |
| 51:08 | Spirit of Vengeance |
| 51:08 | Blink |
| Right click | 1975 |
| Select group | 1166 |
| Select | 474 |
| Build/train/purchase | 329 |
| Use ability | 212 |
| Resource trade | 109 |
| Misc. action | 47 |
| Item give/drop | 12 |
| Assign group | 8 |
| Esc | 7 |
| Minimap ping | 1 |


x1)
| Potion of Mana | 1 | 200 |
| Potion of Healing | 2 | 300 |
| Staff of Preservation | 1 | 150 |
| Lesser Clarity Potion | 3 | 210 |
| Orb of Venom | 2 | 650 |
| Tome of Retraining | 1 | 300 |
| Potion of Invulnerability | 1 | 400 |
| Pendant of Energy | 1 | 300 |
| total: | 12 | 2510g |
| Wisp | 65 | 3900 | / | 0 |
| Archer | 41 | 5330 | / | 410 |
| Glaive Thrower | 4 | 840 | / | 260 |
| Mountain Giant | 6 | 2100 | / | 600 |
| Druid of the Talon | 4 | 580 | / | 80 |
| Dryad | 4 | 580 | / | 240 |
| Hippogryph | 7 | 1120 | / | 140 |
| Chimaera | 9 | 2970 | / | 630 |
| total: | 140 | 17420g | / | 2360w |
| Ancient Protector | 40 | 5400 | / | 3200 |
| Altar of Elders | 1 | 180 | / | 50 |
| Moon Well | 9 | 1620 | / | 360 |
| Ancient of War | 1 | 150 | / | 60 |
| Ancient of Wonders | 1 | 90 | / | 30 |
| Hunter's Hall | 2 | 420 | / | 200 |
| Tree of Life | 8 | 2720 | / | 1480 |
| Ancient of Lore | 1 | 155 | / | 145 |
| Ancient of Wind | 3 | 450 | / | 420 |
| Chimaera Roost | 2 | 280 | / | 380 |
| Tree of Ages | 1 | 320 | / | 180 |
| Tree of Eternity | 1 | 330 | / | 200 |
| total: | 68 | 11465g | / | 6325w |
| 0:03 | Wisp |
| 0:03 | Wisp |
| 0:09 | Altar of Elders |
| 0:10 | Moon Well |
| 0:16 | Wisp |
| 0:29 | Wisp |
| 0:37 | Wisp |
| 0:42 | Wisp |
| 0:58 | Wisp |
| 1:03 | Ancient of War |
| 1:04 | Wisp |
| 1:18 | Wisp |
| 1:25 | Moon Well |
| 2:04 | Archer |
| 2:07 | Wisp |
| 2:13 | Moon Well |
| 2:14 | Shadow Strike |
| 2:21 | Archer |
| 2:26 | Archer |
| 2:45 | Archer |
| 3:05 | Ancient of Wonders |
| 3:10 | Archer |
| 3:36 | Archer |
| 3:58 | Tree of Ages |
| 3:58 | Archer |
| 4:30 | Fan of Knives |
| 4:49 | Archer |
| 4:49 | Archer |
| 5:45 | Archer |
| 5:46 | Archer |
| 5:47 | Moon Well |
| 5:49 | Hunter's Hall |
| 6:33 | Moon Well |
| 6:33 | Moon Well |
| 6:50 | Improved Bows |
| 7:02 | Rain of Fire |
| 7:46 | Ancient of Lore |
| 7:47 | Ancient of Wind |
| 7:49 | Strength of the Moon |
| 8:05 | Shadow Strike |
| 8:15 | Glaive Thrower |
| 8:54 | Wisp |
| 8:54 | Wisp |
| 9:09 | Tree of Life |
| 9:22 | Potion of Mana |
| 9:22 | Potion of Healing |
| 9:25 | Staff of Preservation |
| 9:29 | Glaive Thrower |
| 9:30 | Mountain Giant |
| 9:33 | Druid of the Talon |
| 9:33 | Druid of the Talon |
| 9:45 | Improved Strength of the Moon |
| 9:58 | Ancient Protector |
| 10:02 | Wisp |
| 11:50 | Vorpal Blades |
| 12:35 | Druid of the Talon |
| 12:35 | Mountain Giant |
| 12:36 | Archer |
| 12:36 | Archer |
| 12:42 | Cleaving Attack |
| 13:08 | Archer |
| 13:08 | Archer |
| 13:38 | Moon Armor |
| 13:41 | Lesser Clarity Potion |
| 13:42 | Lesser Clarity Potion |
| 13:42 | Lesser Clarity Potion |
| 13:50 | Wisp |
| 13:50 | Wisp |
| 13:50 | Wisp |
| 13:51 | Wisp |
| 14:22 | Glaive Thrower |
| 14:22 | Glaive Thrower |
| 15:32 | Tree of Eternity |
| 15:35 | Strength of the Wild |
| 15:36 | Reinforced Hides |
| 15:42 | Hunter's Hall |
| 15:46 | Wisp |
| 15:46 | Wisp |
| 16:58 | Improved Strength of the Wild |
| 17:22 | Ancient Protector |
| 17:29 | Ancient Protector |
| 17:33 | Ancient Protector |
| 17:37 | Ancient Protector |
| 18:35 | Ancient Protector |
| 18:36 | Ancient Protector |
| 18:38 | Ancient Protector |
| 18:41 | Ancient Protector |
| 18:43 | Tree of Life |
| 18:49 | Ancient Protector |
| 19:12 | Ancient Protector |
| 19:18 | Ancient Protector |
| 19:19 | Wisp |
| 19:19 | Wisp |
| 19:20 | Wisp |
| 19:42 | Tree of Life |
| 20:00 | Nature's Blessing |
| 20:06 | Ancient Protector |
| 20:14 | Dryad |
| 20:17 | Mountain Giant |
| 20:20 | Hardened Skin |
| 20:49 | Wisp |
| 20:49 | Wisp |
| 21:44 | Wisp |
| 21:44 | Wisp |
| 21:44 | Wisp |
| 21:44 | Wisp |
| 22:35 | Tree of Life |
| 22:38 | Ancient Protector |
| 23:04 | Archer |
| 23:04 | Archer |
| 23:16 | Fan of Knives |
| 23:30 | Archer |
| 23:31 | Marksmanship |
| 24:23 | Archer |
| 24:23 | Archer |
| 24:24 | Archer |
| 24:25 | Druid of the Talon |
| 24:26 | Dryad |
| 24:26 | Dryad |
| 24:54 | Wisp |
| 24:54 | Wisp |
| 24:54 | Wisp |
| 24:54 | Wisp |
| 25:13 | Ancient Protector |
| 25:22 | Archer |
| 25:55 | Archer |
| 26:38 | Wisp |
| 26:39 | Wisp |
| 26:48 | Archer |
| 26:49 | Archer |
| 26:49 | Archer |
| 27:17 | Wisp |
| 27:22 | Archer |
| 27:22 | Archer |
| 27:23 | Archer |
| 27:25 | Advanced Strength of the Moon |
| 27:51 | Wisp |
| 27:51 | Wisp |
| 27:55 | Tree of Life |
| 28:17 | Archer |
| 28:17 | Archer |
| 28:18 | Improved Moon Armor |
| 28:20 | Advanced Moon Armor |
| 28:22 | Ultravision |
| 28:35 | Archer |
| 28:35 | Archer |
| 28:41 | Archer |
| 28:49 | Wisp |
| 28:50 | Wisp |
| 28:50 | Wisp |
| 28:50 | Wisp |
| 29:01 | Dryad |
| 29:04 | Mountain Giant |
| 29:17 | Wisp |
| 29:23 | Ancient Protector |
| 29:24 | Wisp |
| 29:36 | Ancient Protector |
| 29:38 | Wisp |
| 29:50 | Wisp |
| 29:54 | Wisp |
| 29:54 | Wisp |
| 30:38 | Ancient Protector |
| 30:40 | Ancient Protector |
| 30:58 | Archer |
| 31:21 | Wisp |
| 31:22 | Wisp |
| 31:24 | Wisp |
| 32:34 | Archer |
| 32:37 | Archer |
| 32:37 | Archer |
| 32:38 | Archer |
| 33:03 | Well Spring |
| 33:18 | Tree of Life |
| 33:20 | Tree of Life |
| 33:22 | Ancient Protector |
| 33:23 | Ancient Protector |
| 33:26 | Wisp |
| 33:26 | Wisp |
| 33:27 | Wisp |
| 34:17 | Rain of Fire |
| 34:50 | Orb of Venom |
| 35:03 | Ancient Protector |
| 35:05 | Ancient Protector |
| 35:56 | Tome of Retraining |
| 35:56 | Retrain Hero |
| 36:02 | Shadow Strike |
| 36:02 | Shadow Strike |
| 36:03 | Blink |
| 36:03 | Blink |
| 36:14 | Wisp |
| 36:14 | Wisp |
| 36:14 | Wisp |
| 36:24 | Ancient Protector |
| 36:28 | Ancient Protector |
| 36:32 | Ancient Protector |
| 36:36 | Ancient Protector |
| 38:30 | Ancient Protector |
| 38:31 | Ancient Protector |
| 38:59 | Ancient Protector |
| 39:13 | Potion of Invulnerability |
| 39:14 | Pendant of Energy |
| 39:25 | Orb of Venom |
| 39:28 | Potion of Healing |
| 39:50 | Wisp |
| 39:50 | Wisp |
| 39:50 | Wisp |
| 40:01 | Shadow Strike |
| 40:25 | Wisp |
| 40:25 | Wisp |
| 40:25 | Wisp |
| 40:26 | Wisp |
| 40:30 | Ancient Protector |
| 40:30 | Ancient Protector |
| 41:12 | Mountain Giant |
| 41:47 | Archer |
| 41:47 | Archer |
| 41:57 | Mountain Giant |
| 41:59 | Improved Reinforced Hides |
| 42:01 | Advanced Strength of the Wild |
| 42:05 | Chimaera Roost |
| 42:05 | Chimaera Roost |
| 42:08 | Ancient of Wind |
| 42:11 | Ancient of Wind |
| 44:25 | Ancient Protector |
| 44:26 | Ancient Protector |
| 44:27 | Ancient Protector |
| 44:28 | Ancient Protector |
| 44:37 | Ancient Protector |
| 44:38 | Ancient Protector |
| 44:39 | Ancient Protector |
| 45:42 | Hippogryph |
| 45:43 | Hippogryph |
| 45:45 | Advanced Reinforced Hides |
| 46:01 | Ancient Protector |
| 46:13 | Corrosive Breath |
| 46:14 | Chimaera |
| 48:16 | Chimaera |
| 48:17 | Chimaera |
| 49:11 | Chimaera |
| 49:11 | Chimaera |
| 49:46 | Tree of Life |
| 49:48 | Moon Well |
| 49:49 | Moon Well |
| 49:49 | Moon Well |
| 50:13 | Hippogryph |
| 50:13 | Hippogryph |
| 50:13 | Hippogryph |
| 50:34 | Chimaera |
| 50:34 | Chimaera |
| 52:52 | Wisp |
| 56:49 | Chimaera |
| 56:50 | Chimaera |
| 56:51 | Hippogryph |
| 56:51 | Hippogryph |
| 57:51 | Wisp |
| Right click | 1765 |
| Select | 1144 |
| Build/train/purchase | 270 |
| Misc. action | 251 |
| Select group | 217 |
| Use ability | 98 |
| Assign group | 58 |
| Esc | 11 |
| Item give/drop | 3 |
⇛